Map: Automaton LE

Players

Subwaymaker - Winner!

  • Race: Protoss Protoss
  • League: Gold
  • Spawn Location: 9:00

Mesrob

  • Race: Terran Terran
  • League: Platinum
  • Spawn Location: 3:00

VOD

Have the link to the VOD?

Description

Time

  • Played on: March 17, 2019, 9:25 p.m.
  • Length: 21:08
Show
View Real Time Build Order
Export as new Build Order

Subwaymaker Protoss - Winner!

Build Orders: Double Forge, Oracle Opening, Carriers 

Get SALT Encoding   

  12  0:01  Probe  
  13  0:13  Probe  
  14  0:20  Pylon  
  14  0:25  Probe  
  15  0:38  Probe  
  16  0:44  Gateway  
  16  0:47  Probe  
  16  0:55  Probe  
  17  1:00  Assimilator  
  18  1:05  Probe  
  19  1:15  Pylon  
  19  1:17  Probe  
  20  1:30  Probe  
  21  1:33  Cybernetics Core  
  21  1:50  Nexus  
  21  1:57  Probe  
  21  1:58  Assimilator  
  22  2:09  Probe  
  25  2:29  Zealot  
  25  2:37  Stargate  
  25  2:41  Pylon  
  25  2:45  Probe  
  26  2:53  Probe  
  26  2:57  Warp Gate  
  27  2:59  Sentry  
  27  3:00  Probe  
  27  3:01  Probe  
  31  3:08  Probe  
  32  3:12  Pylon  
  32  3:13  Probe  
  32  3:18  Probe  
  33  3:24  Probe  
  35  3:27  Oracle, Probe  
  35  3:32  Probe  
  39  3:35  Probe  
  39  3:39  Assimilator  
  39  3:40  Probe  
  41  3:44  Assimilator, Probe  
  43  3:48  Gateway  
  43  3:52  Shield Battery, Probe  
  44  3:55  Oracle  
  44  3:56  Pylon, Probe  
  45  4:04  Probe x2  
  50  4:12  Probe  
  50  4:16  Probe  
  52  4:23  Probe  
  52  4:28  Probe  
  54  4:35  Probe  
  54  4:37  Nexus  
  55  4:39  Pylon  
  55  4:53  Fleet Beacon  
  55  4:57  Forge  
  55  4:59  Forge  
  55  5:03  Probe x2  
  57  5:15  Probe  
  55  5:22  Probe  
  55  5:25  Probe  
  54  5:30  Probe  
  54  5:33  Probe  
  55  5:40  Stargate  
  55  5:41  Stargate, Protoss Ground Weapons Level 1  
  56  5:43  Pylon, Protoss Shields Level 1  
  56  5:46  Stalker x2  
  60  5:52  Carrier  
  66  6:00  Probe  
  66  6:02  Probe x2  
  68  6:08  Probe  
  68  6:10  Probe  
  69  6:14  Probe  
  69  6:15  Assimilator  
  69  6:16  Probe  
  72  6:18  Pylon  
  72  6:20  Probe  
  72  6:25  Zealot x2  
  72  6:26  Probe  
  68  6:38  Void Ray  
  68  6:39  Void Ray  
  65  6:54  Zealot x2  
  65  6:55  Carrier  
  73  7:15  Zealot  
  73  7:16  Zealot  
  75  7:28  Probe x2  
  77  7:40  Probe  
  78  7:44  Nexus  
  78  7:48  Pylon  
  78  7:51  Pylon  
  78  7:54  Assimilator  
  78  7:59  Pylon  
  78  8:02  Protoss Air Weapons Level 1  
  78  8:05  Probe  
  78  8:06  Void Ray, Probe  
  78  8:08  Void Ray  
  78  8:09  Carrier  
  94  8:13  Probe  
  94  8:18  Probe  
  96  8:21  Probe  
  97  8:36  Twilight Council  
  97  8:38  Cybernetics Core  
  97  8:39  Probe  
  97  8:41  Probe  
  97  8:47  Probe  
  99  8:54  Probe  
  101  8:57  Void Ray, Probe  
  101  9:00  Void Ray  
  101  9:01  Probe  
  101  9:02  Nexus  
  103  9:06  Probe  
  109  9:10  Probe  
  109  9:13  Probe  
  114  9:18  Probe, Zealot  
  115  9:26  Shield Battery, Photon Cannon  
  115  9:28  Pylon  
  103  9:32  Pylon  
  99  9:43  Void Ray  
  99  9:45  Void Ray  
  103  9:47  Protoss Air Armor Level 1  
  106  10:26  Void Ray  
  110  10:32  Void Ray  
  114  10:39  Pylon  
  114  10:43  Twilight Council  
  114  10:45  Gateway  
  114  10:47  Pylon  
  114  10:49  Gateway  
  114  10:52  Gateway  
  114  10:55  Gateway  
  98  11:30  Pylon  
  98  11:40  Pylon  
  98  11:43  Stargate  
  98  11:45  Stargate  
  98  11:47  Stargate  
  98  11:49  Stargate  
  98  11:50  Pylon  
  98  11:53  Protoss Shields Level 2, Protoss Ground Weapons Level 2  
  98  11:59  Void Ray  
  98  12:00  Void Ray  
  98  12:07  Zealot x2  
  110  12:18  Void Ray x2  
  110  12:20  Void Ray  
  110  12:22  Void Ray, Fleet Beacon  
  110  12:24  Pylon  
  126  12:42  Void Ray  
  126  12:43  Void Ray  
  134  13:00  Probe  
  134  13:02  Probe x2  
  134  13:04  Nexus  
  137  13:05  Pylon  
  137  13:08  Pylon, Probe  
  137  13:11  Assimilator  
  138  13:14  Probe x2  
  138  13:15  Assimilator  
  138  13:16  Probe  
  138  13:18  Photon Cannon  
  140  13:20  Shield Battery  
  140  13:22  Photon Cannon  
  140  13:24  Shield Battery  
  140  13:26  Probe, Photon Cannon  
  140  13:27  Probe  
  143  13:28  Photon Cannon  
  143  13:37  Carrier  
  143  13:38  Probe  
  143  13:39  Carrier  
  156  13:51  Carrier  
  162  14:02  Templar Archives  
  162  14:15  Probe x3  
  165  14:18  Probe  
  166  14:27  Probe x3, Carrier  
  166  14:28  Carrier  
  166  14:30  Probe  
  171  14:48  Pylon  
  171  14:50  Carrier  
  183  14:53  Carrier  
  183  14:59  Protoss Ground Weapons Level 3  
  183  15:00  Probe  
  183  15:01  Probe x3  
  187  15:13  Probe x4  
  191  15:20  Void Ray  
  195  15:25  Probe  
  195  15:31  Probe x2  
  195  15:32  Probe  
  198  15:37  Probe  
  199  15:43  Probe  
  200  16:20  Photon Cannon  
  200  16:22  Shield Battery  
  200  16:23  Photon Cannon  
  200  16:25  Shield Battery  
  200  16:27  Photon Cannon  
  200  16:30  Shield Battery  
  200  16:31  Photon Cannon  
  200  16:33  Shield Battery  
  200  16:35  Photon Cannon  
  200  16:37  Photon Cannon  
  200  16:39  Shield Battery  
  200  16:41  Photon Cannon  
  200  16:43  Photon Cannon  
  200  16:50  Mothership  
  194  16:57  Protoss Shields Level 3  
  188  17:15  Pylon  
  186  17:16  Nexus  
  186  17:17  Pylon  
  186  17:19  Void Ray  
  186  17:20  Pylon x2, Assimilator  
  186  17:22  Protoss Air Weapons Level 2  
  198  17:24  Protoss Air Armor Level 2, Zealot  
  198  17:25  Assimilator  
  200  18:01  Pylon  
  200  18:02  Robotics Facility  
  197  18:21  Zealot  
  199  18:30  Pylon  
  178  19:40  Void Ray  
  178  19:41  Void Ray x2  
  178  19:42  Void Ray, Carrier  
Show
View Real Time Build Order
Export as new Build Order

Mesrob Terran 

Build Orders:  

Get SALT Encoding   

  12  0:01  SCV  
  13  0:13  SCV  
  14  0:18  Supply Depot  
  14  0:25  SCV  
  15  0:39  SCV  
  15  0:42  Barracks  
  16  0:48  Refinery  
  16  0:52  SCV  
  17  1:04  SCV  
  18  1:17  SCV  
  19  1:30  Orbital Command  
  19  1:32  Marine  
  20  1:46  Command Center  
  20  1:55  Barracks Tech Lab  
  20  2:00  Barracks  
  20  2:07  Refinery  
  20  2:08  SCV  
  21  2:21  Marine  
  22  2:29  Engineering Bay  
  22  2:33  SCV  
  23  2:40  Stimpack  
  23  2:52  Barracks Reactor  
  23  2:57  Marine, SCV  
  25  3:00  Supply Depot  
  25  3:02  Supply Depot  
  25  3:07  Missile Turret  
  25  3:16  Orbital Command  
  25  3:18  Missile Turret  
  25  3:23  SCV  
  25  3:25  Marine  
  27  3:31  Terran Infantry Weapons Level 1  
  27  3:40  Engineering Bay  
  27  3:44  SCV  
  27  3:57  SCV  
  27  3:58  Marine  
  27  3:59  Marine  
  30  4:05  Factory  
  30  4:09  Marine  
  31  4:15  SCV  
  31  4:16  Marine  
  33  4:19  Refinery  
  33  4:21  SCV  
  34  4:27  SCV  
  35  4:33  Terran Infantry Armor Level 1, SCV  
  35  4:38  Supply Depot  
  36  4:39  SCV  
  36  4:42  Marine x2  
  36  4:43  Marine  
  40  4:51  SCV  
  41  4:54  Barracks  
  41  4:55  Barracks  
  41  4:56  Factory Reactor  
  41  5:02  Starport  
  41  5:05  SCV x2  
  43  5:10  Combat Shield  
  43  5:11  Marine  
  42  5:33  SCV  
  43  5:40  Refinery  
  43  5:45  SCV  
  44  5:50  Barracks Reactor x2  
  44  5:52  Command Center  
  44  6:00  Factory Reactor  
  44  6:02  Medivac x2  
  48  6:04  Marine  
  48  6:05  Marine  
  48  6:40  Marine x7  
  55  6:49  Medivac x2  
  55  6:52  Hellion  
  61  6:58  Marine, Supply Depot  
  62  7:03  Marine, Hellion  
  62  7:05  Missile Turret  
  62  7:06  Armory  
  65  7:21  Supply Depot  
  59  7:27  Medivac  
  58  7:42  Orbital Command  
  58  7:45  Supply Depot  
  58  7:46  SCV x2  
  58  7:49  Command Center  
  61  7:58  SCV  
  61  7:59  SCV  
  61  8:04  Marine x6  
  61  8:05  Marine  
  69  8:10  SCV  
  69  8:11  SCV  
  71  8:22  Marine x7, SCV  
  71  8:23  SCV  
  80  8:39  Marine, Missile Turret  
  80  8:40  Marine x6  
  87  8:57  Marine  
  87  8:58  Marine x4  
  88  9:11  Marine  
  88  9:12  Marine  
  88  9:15  Marine  
  88  9:16  Marine x4  
  94  9:29  Marine  
  94  9:30  Marine  
  91  9:33  Marine x3  
  91  9:34  Marine  
  88  9:42  Medivac x2  
  88  9:44  Hellion  
  88  9:45  Hellion  
  93  9:47  Terran Infantry Weapons Level 2  
  93  9:48  Terran Infantry Armor Level 2  
  93  10:30  Missile Turret  
  93  10:32  SCV  
  93  10:33  SCV x2  
  93  10:34  Missile Turret  
  96  10:45  SCV x3  
  99  10:51  Missile Turret  
  99  10:57  SCV x3  
  98  10:58  Missile Turret  
  98  11:09  SCV x3  
  99  11:18  Marine x5  
  95  11:19  Marine x2  
  95  11:20  Medivac x2  
  95  11:21  SCV  
  97  11:34  Refinery  
  97  11:36  Marine x7  
  97  11:37  Refinery  
  104  11:40  Refinery  
  104  11:52  SCV  
  104  11:54  Marine x6, SCV  
  101  12:06  Refinery, Command Center, SCV  
  102  12:09  Medivac x2  
  102  12:12  Marine x2  
  102  12:13  Marine x5  
  113  12:18  SCV  
  114  12:30  Marine x2  
  116  12:39  Supply Depot  
  116  12:43  Supply Depot  
  116  12:52  Supply Depot  
  116  12:54  Supply Depot x2  
  116  12:55  Supply Depot  
  116  12:58  Supply Depot  
  116  13:00  Marine x7, SCV  
  116  13:03  Supply Depot  
  116  13:05  Medivac x2  
  128  13:06  Supply Depot  
  128  13:13  Terran Infantry Weapons Level 3  
  128  13:15  Terran Infantry Armor Level 3  
  128  13:17  Terran Vehicle Weapons Level 1  
  128  13:18  Marine x7  
  135  13:24  Supply Depot  
  135  13:25  Supply Depot x2  
  135  13:27  Supply Depot  
  135  13:29  Supply Depot  
  135  13:30  Supply Depot  
  135  13:35  Marine x7  
  142  13:50  Supply Depot  
  142  13:53  Marine x5  
  127  14:30  Marine  
  126  14:31  Marine x6  
  114  14:47  Planetary Fortress  
  114  14:48  Marine  
  114  14:49  Marine x6  
  121  14:53  Refinery  
  121  15:03  Barracks  
  121  15:05  Barracks  
  121  15:06  Marine  
  122  15:07  Marine x5  
  122  15:11  Terran Vehicle And Ship Armor Level 1  
  123  15:19  Refinery  
  118  15:23  Marauder  
  118  15:24  Marine x3  
  118  15:25  Marine x3  
  125  15:29  Widow Mine x2  
  125  15:31  Medivac  
  125  15:32  Medivac  
  133  15:42  Marine, Planetary Fortress  
  134  15:44  Marauder  
  134  15:45  SCV x3  
  139  15:50  Widow Mine  
  139  15:51  Widow Mine  
  139  15:53  Barracks  
  139  15:55  Barracks  
  143  15:57  SCV  
  143  15:58  SCV x2  
  143  16:01  Medivac  
  143  16:02  Medivac  
  150  16:06  Marauder  
  150  16:09  SCV  
  150  16:10  SCV x2  
  155  16:12  Widow Mine x2  
  159  16:21  SCV  
  159  16:22  SCV  
  161  16:27  Marauder  
  161  16:30  Command Center  
  161  16:31  Medivac  
  161  16:32  Medivac  
  167  16:33  Widow Mine x2  
  171  16:41  Missile Turret  
  171  16:44  Command Center  
  169  16:48  Marauder  
  169  17:01  Medivac  
  169  17:02  Medivac  
  169  17:06  Terran Ship Weapons Level 1  
  166  18:29  Barracks Reactor x3  
  166  18:30  Marine x8  
  174  18:48  Marine x8  
  182  19:05  Marine  
  182  19:06  Marine x7  
  190  19:23  Marine  
  190  19:24  Marine x3  
  103  19:58  Missile Turret  
  63  20:44  Marine x7  
Tags
 
Add a new tag
Caveats
  • Supply blocks, unpowered buildings, or Contaminate may cause inaccurate times.
  • Supply counts are checked every 10 seconds.